AoeStats
← THIAGO

Arabia

510229106Analyzed
4v4 RM · 2d ago on Sep 30, 2026· 20m 2s· 8 players
Game mode
Random Map
Map size
Large (8 player)
Population
200
Speed
Normal
Resources
Standard
Victory
Conquest
Starting age
Dark Age
Ending age
Imperial Age
RankedLock teamsTeams togetherTeam positionsShared explorationLock speedFull tech treeHidden civsTurbo modeCheats
Victory
Defeat
🇧🇷 Franks · Brazil
797
+12
🇧🇷 Lithuanians · Brazil
797
+12
🇧🇷 Spanish · Brazil
703
+16
🇧🇷 Burgundians · Brazil
690
+16
🇦🇷 Hindustanis · Argentina
755
-16
🇦🇷 Goths · Argentina
702
-14
🇨🇴 Magyars · Colombia
687
-13
🇲🇽 Franks · Mexico
681
-13
Javitss
12:31 Feudal Age
17:15 Castle Age
17:44 Pikeman
amstek
5:25 Loom
12:19 Feudal Age
12:59 Double-Bit Axe
juandasotoguerrero
9:14 Loom
11:31 Feudal Age
13:58 Town Watch
danielcastrokirby
11:50 Feudal Age
12:12 Horse Collar
12:20 Double-Bit Axe
16:51 Wheelbarrow
20:44 Castle Age
19:07 Stone Mining
joselitopereirajr
11:39 Feudal Age
16:15 Castle Age
15:48 Double-Bit Axe
16:43 Wheelbarrow
16:19 Horse Collar
19:09 Heavy Plow
Rênio Figueirêdo
14:05 Feudal Age
Que vc se lasque
7:59 Loom
10:46 Feudal Age
11:22 Double-Bit Axe
11:27 Man-at-Arms
13:51 Horse Collar
19:55 Heavy Plow
THIAGO
8:08 Loom
10:14 Feudal Age
16:25 Double-Bit Axe
22:00 Castle Age
Connection lost

Rejoining the realm…

Still unreachable

The connection could not be restored.

Session expired

The server has moved on; the page needs a fresh start.